AoeStats
← 310k

Arabia

509675984Analyzed
1v1 RM · 5d ago on Sep 27, 2026· 29m 20s· 2 players
Game mode
Random Map
Map size
Tiny (2 player)
Population
200
Speed
Normal
Resources
Standard
Victory
Conquest
Starting age
Dark Age
Ending age
Imperial Age
RankedLock teamsTeams togetherTeam positionsShared explorationLock speedFull tech treeHidden civsTurbo modeCheats
Victory
Defeat
🇨🇦 Malay · Canada
707
+15
🇬🇧 Burgundians · United Kingdom
689
-30
310k
11:01 Feudal Age
11:33 Horse Collar
23:27 Castle Age
27:09 Wheelbarrow
Mohammad Shah
0:38 Loom
11:40 Feudal Age
11:35 Double-Bit Axe
17:56 Horse Collar
22:55 Castle Age
21:38 Gold Mining
22:02 Forging
21:58 Scale Barding Armor
21:44 Fletching
22:57 Wheelbarrow
22:40 Squires
22:47 Town Watch
23:45 Husbandry
23:52 Heavy Plow
25:41 Padded Archer Armor
25:25 Pikeman
25:52 Arson
27:34 Iron Casting
27:50 Bow Saw
27:36 Stone Mining
Connection lost

Rejoining the realm…

Still unreachable

The connection could not be restored.

Session expired

The server has moved on; the page needs a fresh start.